 Dungeon Crawl Stone Soup version 0.22.1-2-g9c5b331383 (webtiles) character file.

9508 Ihlosi the Fighter (level 11, -9/89 HPs)
             Began as a Human Gladiator on Nov 20, 2018.
             Was a Believer of the Shining One.
             Killed from afar by a fire giant (27 damage)
             ... with a bolt of fire
             ... on level 11 of the Dungeon.
             The game lasted 00:34:32 (13809 turns).

Ihlosi the Fighter (Human Gladiator)               Turns: 13809, Time: 00:34:33

Health: -9/89      AC:  7    Str: 19    XL:     11   Next: 75%
Magic:  12/12      EV: 21    Int:  9    God:    the Shining One [**....]
Gold:   700        SH:  0    Dex: 26    Spells: 12/12 levels left

rFire    + . .     SeeInvis .   r - +2 rapier (speed)
rCold    . . .     Gourm    +   (no shield)
rNeg     + + .     Faith    .   x - +1 leather armour "Piorim" {rC- rN+ Dex+7}
rPois    .         Spirit   .   c - +0 helmet
rElec    .         Reflect  .   u - scarf {rC+ rF+}
rCorr    .         Harm     .   L - +0 pair of gloves
MR       .....                  (no boots)
Stlth    +.........             n - amulet of the gourmand
HPRegen  0.24/turn              z - +5 ring of dexterity
MPRegen  0.13/turn              M - +3 ring of strength

@: glowing
A: hooves 1, clumsy 1, low mp 1, wild magic 1
a: Divine Shield, Renounce Religion


You were on level 11 of the Dungeon.
You worshipped the Shining One.
The Shining One was pleased with you.
You were completely stuffed.

You visited 2 branches of the dungeon, and saw 12 of its levels.

You collected 700 gold pieces.

Inventory:

Hand Weapons
 a - a +0 long sword
 p - a +0 scimitar
 r - a +2 rapier of speed (weapon)
 N - a +1 mace of venom
Missiles
 t - 2 curare-tipped needles
 v - 39 bolts
 C - 14 poisoned needles
Armour
 c - a +0 helmet (worn)
 g - a +1 leather armour of poison resistance
 i - a +2 scale mail of poison resistance
 q - +0 ice dragon scales
 u - a scarf of resistance (worn)
 x - the +1 leather armour "Piorim" (worn) {rC- rN+ Dex+7}
   (You found it on level 4 of the Dungeon)

   It affects your dexterity (+7).
   It makes you vulnerable to cold.
   It protects you from negative energy.
 E - a +2 cloak
 L - a +0 pair of gloves (worn)
Jewellery
 d - an uncursed ring of magical power
 j - the ring of Polytheism {+Inv rPois rF- Int-4}
   (You found it on level 9 of the Dungeon)

   [ring of intelligence]

   It affects your intelligence (-4).
   It makes you vulnerable to fire.
   It protects you from poison.
   It lets you turn invisible.
 n - an amulet of the gourmand (around neck)
 z - a +5 ring of dexterity (left hand)
 A - an uncursed ring of wizardry
 K - an uncursed ring of positive energy
 M - a +3 ring of strength (right hand)
 P - the ring "Nomaw" {MR- AC-2 Dex+10 SInv Stlth-}
   (You found it on level 10 of the Dungeon)

   [ring of protection]

   It affects your AC (-2).
   It affects your dexterity (+10).
   It affects your resistance to hostile enchantments.
   It lets you see invisible.
   It makes you less stealthy.
 Q - an uncursed ring of see invisible
Wands
 D - a wand of enslavement (4)
 G - a wand of disintegration (25)
 H - a wand of flame (73)
 I - a wand of iceblast (14)
Scrolls
 h - 3 scrolls of teleportation
 k - a scroll of fog
 m - 4 scrolls of remove curse
 o - 4 scrolls of enchant weapon
 s - 2 scrolls of immolation
 y - 2 scrolls of blinking
 F - 12 scrolls of identify
 O - a scroll of enchant armour {unknown}
Potions
 b - a potion of resistance
 e - a potion of brilliance
 l - 2 potions of flight
 w - a potion of invisibility
 B - 2 potions of curing
 J - 4 potions of cancellation
 R - a potion of might {unknown}
 S - a potion of heal wounds
Comestibles
 f - 27 rations


   Skills:
 + Level 9.6 Fighting
 * Level 7.8 Long Blades
 - Level 1.0 Maces & Flails
 - Level 2.0 Throwing
 * Level 7.4 Armour
 + Level 9.4 Dodging
 - Level 1.0 Stealth
 - Level 1.0 Spellcasting
 * Level 4.5 Invocations
 * Level 3.8 Evocations


You had 12 spell levels left.
You didn't know any spells.
Your spell library contained the following spells:

 Spells                   Type           Power        Failure   Level  Hunger
 Animate Skeleton         Necr           N/A          47%         1    ##.....
 Apportation              Tloc           #.....       47%         1    ##.....
 Confusing Touch          Hex            #.....       47%         1    ##.....
 Summon Small Mammal      Summ           #...         47%         1    ##.....
 Confuse                  Hex            #.......     83%         3    ####...
 Gell's Gravitas          Tloc           #.........   83%         3    ####...
 Petrify                  Tmut/Erth      #.......     99%         4    #####..
 Metabolic Englaciation   Hex/Ice        #.........   100%        5    ######.
 Yara's Violent Unravell  Hex/Tmut       #.........   100%        5    ######.


Dungeon Overview and Level Annotations

Branches:
Dungeon (11/15)            Temple (1/1) D:6            Lair (0/6) D:8
    Orc (0/2) D:11

Altars:
Ashenzari
Cheibriados
Dithmenos
Elyvilon
Fedhas
Gozag
Hepliaklqana
Kikubaaqudgha
Makhleb
Nemelex Xobeh
Okawaru
Qazlal
Ru
Sif Muna
Trog
Uskayaw
Vehumet
Wu Jian
Xom
Yredelemnul
Zin
The Shining One

Shops:
D:4 %

Annotations:
D:2 ice beast
D:9 Red ugly thing


Innate Abilities, Weirdness & Mutations

You have large cloven feet.
You are clumsy. (Dex -2)
Your magical capacity is low. (-10% MP)
Your spells are a little harder to cast, but a little more powerful.


Message History

You open the door.
A fire giant comes into view.
It is wielding a great sword of flaming.
The fire giant shouts!
The fire giant moves out of view.
Found a scroll of remove curse.
There is an open door here.
The fire giant gestures at you while chanting.
The bolt of fire hits you! You resist.
There is an open door here.
The fire giant points at you and mumbles some strange words.
The bolt of fire hits you! You resist.
The fire giant gestures at you while chanting.
The bolt of fire hits you! You resist.
You open the door.
The fire giant points at you and mumbles some strange words.
The fireball explodes!
The fireball engulfs you! You resist.
* * * LOW HITPOINT WARNING * * *
The fire giant points at you and mumbles some strange words.
The bolt of fire hits you! You resist.
You die...

##........#.
#.........#.
#.........#.
#########........C.
#.......#.รท...C####
#.......#'####.##..
#............#.#..#
#......C.....#.#. #
##@#####.......#
#....<#.......#
#.....#.....#.# .
#.....#...>.#.# .
#.....##'##...# ##
#.....##..#...#
########..#...#
#......#..#...#
#......#..#...#


You could see a fire giant.

Vanquished Creatures
  The ghost of mora the Carver, a novice BaFi of Gozag (D:6)
  An ugly thing (D:11)
  A komodo dragon (D:8)
  2 trolls
  2 hippogriffs
  A wyvern (D:9)
  4 hogs (D:7)
  3 yaks (D:11)
  Menkaure (D:6)
  A human (D:7)
  Grum (D:10)
  6 swamp worms (D:9)
  Edmund (D:6)
  A water moccasin (D:10)
  2 ice beasts
  3 orc warriors
  2 black bears
  2 sky beasts
  6 ogres
  2 phantoms
  4 wolves (D:10)
  2 centaurs (D:5)
  8 bullfrogs
  6 scorpions
  8 killer bees
  A howler monkey (D:5)
  2 electric eels (D:10)
  A crimson imp (D:7)
  A bullfrog zombie (D:10)
  A quasit (D:9)
  6 orc priests
  A centaur skeleton (D:9)
  Crazy Yiuf (D:6)
  8 hounds
  6 jellies
  A bullfrog skeleton (D:5)
  5 iguanas
  10 orc wizards
  8 worker ants
  A hound zombie (D:8)
  A hound skeleton (D:10)
  7 gnolls
  A howler monkey skeleton (D:5)
  16 adders
  2 adder skeletons
  3 worms
  3 dart slugs
  2 leopard geckos
  38 orcs
  A ball python (D:4)
  13 bats
  3 giant cockroaches
  6 goblins
  5 hobgoblins
  9 jackals
  13 kobolds
  4 quokkas
  3 frilled lizards
  8 rats
262 creatures vanquished.

Vanquished Creatures (others)
  4 plants
4 creatures vanquished.

Grand Total: 266 creatures vanquished

Notes
Turn   | Place    | Note
-------+----------+-------------------------------------------
     0 | D:1      | Ihlosi the Human Gladiator began the quest for the Orb.
     0 | D:1      | Reached XP level 1. HP: 16/16 MP: 1/1
   150 | D:1      | Reached XP level 2. HP: 21/22 MP: 2/2
   979 | D:2      | Reached XP level 3. HP: 27/27 MP: 3/3
  1039 | D:2      | Reached skill level 1 in Stealth
  1089 | D:2      | Reached skill level 1 in Armour
  1355 | D:2      | Noticed an ice beast
  1444 | D:2      | Reached XP level 4. HP: 31/34 MP: 4/4
  2308 | D:3      | Found a deep blue altar of Sif Muna.
  2376 | D:3      | Reached XP level 5. HP: 36/40 MP: 5/5
  2960 | D:3      | Found a faded altar of an unknown god.
  3100 | D:2      | Killed an ice beast
  3100 | D:2      | Reached XP level 6. HP: 43/47 MP: 6/6
  3182 | D:4      | Found Wyceqar's Food Shop.
  3403 | D:4      | Noticed an ogre
  3412 | D:4      | Killed an ogre
  3438 | D:4      | Reached skill level 5 in Long Blades
  3438 | D:4      | Reached XP level 7. HP: 25/52 MP: 7/7
  3506 | D:4      | Got an encrusted leather armour
  3519 | D:4      | Identified the cursed +1 leather armour "Piorim" {rC- rN+
                  | Dex+7} (You found it on level 4 of the Dungeon)
  3769 | D:5      | Entered Level 5 of the Dungeon
  3952 | D:5      | Found a hide-covered altar of Uskayaw.
  4027 | D:5      | Reached XP level 8. HP: 41/61 MP: 8/8
  4377 | D:5      | Reached skill level 5 in Fighting
  4860 | D:5      | Found a radiant altar of Vehumet.
  4861 | D:5      | Found a glowing silver altar of Zin.
  4928 | D:5      | Reached skill level 5 in Armour
  5195 | D:6      | Noticed Edmund
  5210 | D:6      | Gained mutation: Your magical capacity is low. (-10% MP)
                  | [potion of mutation]
  5210 | D:6      | Gained mutation: You have large cloven feet. [potion of
                  | mutation]
  5210 | D:6      | Gained mutation: You are clumsy. (Dex -2) [potion of
                  | mutation]
  5210 | D:6      | Gained mutation: Your spells are a little harder to cast,
                  | but a little more powerful. [potion of mutation]
  5220 | D:6      | Reached XP level 9. HP: 49/71 MP: 8/8
  5248 | D:6      | Killed Edmund
  5503 | D:6      | Reached skill level 5 in Dodging
  5550 | D:6      | Found a runed door.
  5629 | D:6      | Noticed Menkaure
  5638 | D:6      | Killed Menkaure
  5958 | D:6      | Found a staircase to the Ecumenical Temple.
  6045 | D:6      | Noticed mora's ghost (novice BaFi)
  6064 | D:6      | Found a runed door.
  6068 | D:6      | Noticed Crazy Yiuf
  6072 | D:6      | Killed Crazy Yiuf
  6171 | D:6      | Found a runed door.
  6184 | D:6      | Reached skill level 1 in Spellcasting
  6227 | D:6      | Killed mora's ghost
  6314 | D:6      | Reached XP level 10. HP: 72/80 MP: 10/10
  6449 | D:6      | Found a bloodstained altar of Trog.
  6584 | Temple   | Entered the Ecumenical Temple
  6765 | Temple   | Became a worshipper of the Shining One
  7114 | D:7      | Reached skill level 1 in Invocations
  7125 | D:7      | Reached skill level 1 in Evocations
  8216 | D:8      | Reached * piety under the Shining One
  8934 | D:8      | Found a staircase to the Lair.
  8934 | D:8      | Noticed a komodo dragon
  8956 | D:8      | Killed a komodo dragon
  9821 | D:9      | Reached XP level 11. HP: 89/89 MP: 11/11
 10149 | D:9      | Noticed a red ugly thing
 11079 | D:9      | Got an ancient pewter ring
 11081 | D:9      | Identified the cursed ring of Polytheism {+Inv rPois rF-
                  | Int-4} (You found it on level 9 of the Dungeon)
 11351 | D:10     | Entered Level 10 of the Dungeon
 11394 | D:10     | Noticed Grum
 11414 | D:10     | Killed Grum
 11939 | D:10     | Reached skill level 1 in Maces & Flails
 12203 | D:10     | Got a coiled glass ring
 12518 | D:10     | Identified the cursed ring "Nomaw" {MR- AC-2 Dex+10 SInv
                  | Stlth-} (You found it on level 10 of the Dungeon)
 12579 | D:10     | Found a shadowy altar of Dithmenos.
 12716 | D:10     | Reached ** piety under the Shining One
 12863 | D:11     | Noticed a purple ugly thing
 12878 | D:11     | Killed a purple ugly thing
 13002 | D:11     | Found a staircase to the Orcish Mines.
 13114 | D:11     | Noticed a manticore
 13117 | D:11     | Identified the Papyrus of the Fiery Frostbite
 13784 | D:11     | Noticed a fire giant
 13809 | D:11     | Killed from afar by a fire giant

Skill      XL: |  1  2  3  4  5  6  7  8  9 10 11 |
---------------+----------------------------------+-----
Stealth        | 1 |  1.0
Armour         | 1 2 3 4 5 6 7 |  7.4
Long Blades    | 4 5 6 7 |  7.8
Fighting       | 3 4 6 8 9 |  9.6
Dodging        | 4 6 8 9 |  9.4
Spellcasting   | 1 |  1.0
Invocations    | 2 4 |  4.5
Evocations     | 2 3 |  3.8
Maces & Flails | 1 |  1.0
Throwing       | |  2.0

Action                   |  1- 3 |  4- 6 |  7- 9 | 10-12 || total
-------------------------+-------+-------+-------+-------++-------
Melee: Long sword        |    89 |    94 |       |       ||   183
       Rapier            |       |    45 |   376 |   555 ||   976
       Kick              |       |       |   103 |   289 ||   392
       Mace              |       |       |       |    41 ||    41
Throw: Throwing net      |     3 |       |     4 |     1 ||     8
Evoke: Wand              |       |       |       |    15 ||    15
  Use: Potion            |     2 |     1 |     8 |     1 ||    12
       Scroll            |       |     4 |     4 |    10 ||    18
 Stab: Sleeping          |     2 |     2 |     2 |       ||     6
       Held in net/web   |       |       |     4 |       ||     4
       Invisible         |       |       |     9 |       ||     9
  Eat: Chunk             |     1 |     5 |     8 |    32 ||    46
       Ration            |       |     1 |       |       ||     1
Armor: Leather armour    |    29 |    15 |    71 |    73 ||   188
       Ice dragon scales |       |    55 |       |       ||    55
Dodge: Dodged            |    69 |    78 |   227 |   407 ||   781
       Rpst.: Long sword |    18 |    14 |       |       ||    32
